 Dungeon Crawl Stone Soup version 0.30-a0-528-g8c47a4955b (webtiles) character file.

Game seed: 1930977020515169976

909 scionoferis the Changer (level 8, -2/46 (48) HPs)
             Began as an Octopode Transmuter on Dec 23, 2022.
             Slain by a wight
             ... wielding a +2 dagger
              (9 damage)
             ... on level 6 of the Dungeon.
             The game lasted 00:16:32 (4918 turns).

scionoferis the Changer (Octopode Transmuter)       Turns: 4918, Time: 00:16:32

HP:   -2/46 (48)    AC:  1    Str: 17    XL:     8   Next: 8%
MP:   11/11         EV: 13    Int: 16    God:
Gold: 232           SH:  0    Dex: 12    Spells: 4/11 levels left

rFire   . . .      SeeInvis .    a - +5 trident of Sharkskin {vorpal, *Corrode Str+6}
rCold   . . .      Faith    .    (no shield)
rNeg    . . .      Spirit   .    (helmet currently unavailable)
rPois   .          Reflect  .    (no amulet)
rElec   .          Harm     .    (no ring)
rCorr   .          Rampage  .    (no ring)
Will    .....                    (no ring)
Stlth   +++                      (no ring)
HPRegen 0.27/turn                (no ring)
MPRegen 0.12/turn                (no ring)
                                 (no ring)
                                 (no ring)

@: appendages, lightly drained
A: tentacle spike 3, almost no armour, amphibious, 8 rings, camouflage 1,
gelatinous body 1, (nimble swimmer 1), tentacles
a: End Transformation


You were on level 6 of the Dungeon.
One of your tentacles had grown a beastly spike.
You visited 2 branches of the dungeon, and saw 7 of its levels.

You collected 232 gold pieces.


Innate Abilities, Weirdness & Mutations

One of your tentacles has grown a beastly spike.
You cannot wear most types of armour.
You are amphibious.
You can wear up to eight rings at the same time.
Your skin changes colour to match your surroundings (Stealth+).
Your rubbery body absorbs attacks. (AC +1, EV +1)
((You are camouflaged when in or above water. (Stealth+)))
You have tentacles for arms and can constrict up to eight enemies at once.


   Skills:
 - Level 1.0 Fighting
 - Level 2.0 Dodging
 - Level 4.0 Stealth
 - Level 3.0 Unarmed Combat
 - Level 2.0 Spellcasting
 + Level 6.4 Transmutations
 + Level 5.5 Ice Magic


You had 4 spell levels left.
You knew the following spells:

 Your Spells              Type           Power      Damage    Failure   Level
a - Beastly Appendage     Tmut           44%        N/A       1%          1
b - Wereblood             Tmut           22%        N/A       2%          2
c - Ice Form              Ice/Tmut       20%        N/A       17%         4

Your spell library contained the following spells:

 Spells                   Type           Power      Damage    Failure   Level
 Spider Form              Tmut/Pois      11%        N/A       17%         3
 Tukima's Dance           Hex            1%         N/A       52%         3
 Passage of Golubria      Tloc           1%         N/A       90%         4
 Yara's Violent Unravell  Hex/Tmut       5%         3d4       83%         5

Inventory:

Hand Weapons
 a - the +5 trident of Sharkskin (weapon) {vorpal, *Corrode Str+6}
   (You found it on level 4 of the Dungeon)

   It inflicts extra damage upon your enemies.
   Str:       It affects your strength (+6).
   *Corrode:  It may corrode you when you take damage.
 b - a +0 sling
   (You took it off a kobold on level 3 of the Dungeon)
 u - a +1 dagger of venom
   (You took it off a goblin on level 1 of the Dungeon)
Missiles
 g - 3 poisoned darts
 y - 3 boomerangs
Magical Staves
 m - a staff of conjuration
   (You found it on level 2 of the Dungeon)
Wands
 k - a wand of charming (12)
   (You found it on level 2 of the Dungeon)
 n - a wand of polymorph (10)
   (You found it on level 2 of the Dungeon)
Scrolls
 d - 3 scrolls of teleportation {unknown}
 f - a scroll of blinking {unknown}
 l - 2 scrolls of fog {unknown}
 o - 2 scrolls of enchant armour {unknown}
 q - 2 scrolls of immolation {unknown}
 r - a scroll of enchant weapon {unknown}
 s - 4 scrolls of identify {unknown}
 t - a scroll of fear {unknown}
 v - 2 scrolls of amnesia {unknown}
 x - a scroll of torment {unknown}
Potions
 e - 3 potions of curing
 h - 2 potions of flight
 i - a potion of brilliance {unknown}
 j - a potion of attraction {unknown}
 p - a potion of magic {unknown}
 w - a potion of heal wounds {unknown}
 z - a potion of degeneration {unknown}

Dungeon Overview and Level Annotations

Branches:
Dungeon (6/15)             Temple (1/1) D:4

Altars:
Ashenzari
Cheibriados
Dithmenos
Elyvilon
Fedhas
Gozag
Kikubaaqudgha
Makhleb
Nemelex Xobeh
Okawaru
Qazlal
Sif Muna
Trog
Uskayaw
Vehumet
Yredelemnul
Zin
The Shining One

Shops:
D:2

( #.#.....................
#######)#..............?......
###.......#................[....
..........).......z.............
..............................$.
...###.#.##.....................
...#...#.##...S..........!......
..#......##..###################
.........#.....z@.......
...+.._..'...#.#########
..##.....##....#
..##.....#...### .....#.#.##..#
..####.####..# .............#
.............# ..####.##.######


You could see a wight.


Message History

The quokka is severely wounded.
The quokka bites you. The quokka closely misses you.
You hit the quokka.
The quokka looks as sick as possible!
Your grab misses the quokka.
You pierce the quokka.
You kill the quokka!
Your +1 dagger of venom stops dripping with poison.
b - a +0 sling (weapon)
Your transformation is almost over.
Your tentacle spike disappears.
An adder comes into view.
You shoot a sling bullet. The sling bullet hits the adder.
The adder hisses angrily.
The adder is moderately wounded.
A ball python comes into view.
You shoot a sling bullet. The ball python hisses angrily.
The sling bullet hits the adder.
The adder is almost dead.
You shoot a sling bullet. The sling bullet hits the adder.
You kill the adder!
Your Ice Magic skill increases to level 2!
You shoot a sling bullet. The sling bullet hits the ball python!
You kill the ball python!
An endoplasm comes into view.
You shoot a sling bullet.
The sling bullet barely misses the endoplasm.
The endoplasm quivers.
You shoot a sling bullet. The sling bullet hits the endoplasm.
The endoplasm is heavily wounded.
You shoot a sling bullet. The sling bullet hits the endoplasm.
You kill the endoplasm!
l - 2 scrolls labelled PUCSOMAVOO (gained 1)
Found a stone staircase leading down.
A bat comes into view.
You shoot a sling bullet.
The sling bullet hits the bat but does no damage.
You shoot a sling bullet.
The sling bullet closely misses the bat.
The bat hits you but does no damage.
You shoot a sling bullet. The sling bullet barely misses the bat.
The bat hits you. x2; The bat misses you.
You shoot a sling bullet. The sling bullet misses the bat.
The bat hits you but does no damage. The bat hits you.
You shoot a sling bullet. The sling bullet hits the bat.
The bat is moderately wounded.
The bat hits you but does no damage.
You shoot a sling bullet. The sling bullet hits the bat.
You kill the bat!
No target in view!
You see here a bat corpse.
A rat comes into view.
Your +1 dagger of venom begins to drip with poison!
a - a +1 dagger of venom (weapon)
The helpless rat fails to defend itself.
You puncture the rat!
You kill the rat!
Your +1 dagger of venom stops dripping with poison.
b - a +0 sling (weapon)
A rat comes into view.
You shoot a sling bullet. The sling bullet hits the rat.
The rat is moderately wounded.
You hear an angry hiss.
A frilled lizard comes into view.
You shoot a sling bullet. The sling bullet hits the rat.
You kill the rat!
You shoot a sling bullet.
The sling bullet hits the frilled lizard.
You kill the frilled lizard!
You see here a frilled lizard corpse.
You see here a rat corpse.
There is a stone staircase leading down here.
Found a mace.
A hobgoblin comes into view.
You shoot a sling bullet.
The sling bullet hits the hobgoblin but does no damage.
You shoot a sling bullet. The sling bullet hits the hobgoblin.
The hobgoblin is lightly wounded.
Your +1 dagger of venom begins to drip with poison!
a - a +1 dagger of venom (weapon)
Casting: Beastly Appendage (safe; 4% risk of failure)
Confirm with . or Enter, or press ? or * to list all spells.
One of your tentacles grows a vicious spike.
You hit the hobgoblin. You grab the hobgoblin.
You pierce the hobgoblin.
You kill the hobgoblin!
Your +1 dagger of venom stops dripping with poison.
b - a +0 sling (weapon)
You see here a hobgoblin corpse.
Your transformation is almost over.
Your tentacle spike disappears.
You open the door.
There is an open door here.
You open the door.
A hobgoblin comes into view.
There is an open door here.
You shoot a sling bullet.
The sling bullet hits the hobgoblin but does no damage.
The hobgoblin shouts!
Found a faded altar of an unknown god.
Your +1 dagger of venom begins to drip with poison!
a - a +1 dagger of venom (weapon)
Casting: Beastly Appendage (safe; 4% risk of failure)
Confirm with . or Enter, or press ? or * to list all spells.
One of your tentacles grows a vicious spike.
The hobgoblin misses you.
You closely miss the hobgoblin. You grab the hobgoblin.
You pierce the hobgoblin, but do no damage.
You constrict the hobgoblin. The hobgoblin hits you.
You hit the hobgoblin.
You kill the hobgoblin!
Your +1 dagger of venom stops dripping with poison.
b - a +0 sling (weapon)
Your transformation is almost over.
There is an open door here.
Your tentacle spike disappears.
There is an open door here.
There is an open door here.
You see here a +0 mace.
Found a leather armour.
You see here a +0 leather armour.
Done exploring.
Done exploring.
Search for what [Enter for ":", or ? for help]? d: Unknown command.
You see here a +0 leather armour.
There is a stone staircase leading down here.
You climb downwards.
Found a stone staircase leading down.
There is a stone staircase leading up here.
There is a stone staircase leading down here.
You now have 145 gold pieces (gained 14).
Found an escape hatch in the ceiling.
Unknown command.
You now have 151 gold pieces (gained 6).
Found a staircase to the Ecumenical Temple.
You now have 158 gold pieces (gained 7).
There is a staircase to the Ecumenical Temple here.
You climb downwards.
Welcome to the Ecumenical Temple!
There is a staircase back to the Dungeon here.
You open the door. You open the door.
Found a sparkling altar of Nemelex Xobeh.
There is an open door here.
You open the door.
Found a burning altar of Makhleb.
Found a glowing silver altar of Zin.
You open the door.
There is an open door here.
You open the door.
Found a radiant altar of Vehumet.
There is an open door here.
You open the door.
Found a stormy altar of Qazlal.
There is an open door here.
You open the door.
Found a snail-covered altar of Cheibriados.
You open the door.
Found a shadowy altar of Dithmenos.
There is an open door here.
You open the door.
Found a white marble altar of Elyvilon.
There is an open door here.
You open the door.
Found an iron altar of Okawaru.
There is an open door here.
You open the door.
Found an ancient bone altar of Kikubaaqudgha.
There is an open door here.
You open the door.
Found a broken altar of Ashenzari.
There is an open door here.
You open the door.
Found a basalt altar of Yredelemnul.
You open the door.
Found a shimmering blue altar of Sif Muna.
You open the door.
Found a blossoming altar of Fedhas.
You open the door.
Found a bloodstained altar of Trog.
There is an open door here.
You open the door.
Found an opulent altar of Gozag.
You open the door.
Found a hide-covered altar of Uskayaw.
Done exploring.
Done exploring.
There is a staircase back to the Dungeon here.
You climb upwards.
Welcome back to the Dungeon!
There is a staircase to the Ecumenical Temple here.
Found an escape hatch in the floor.
A hobgoblin comes into view.
Things that are here:
Great Wizards, Vol.
VII; a scroll labelled BEUDWUPPIU
s - 4 scrolls labelled BEUDWUPPIU (gained 1)
You pick up Great Wizards, Vol.
VII and begin reading...
You add the spells Tukima's Dance, Passage of Golubria and Yara's Violent Unravelling to your library.
Your +1 dagger of venom begins to drip with poison!
a - a +1 dagger of venom (weapon)
There is an escape hatch in the floor here.
The helpless hobgoblin fails to defend itself.
You puncture the hobgoblin!
You kill the hobgoblin!
Your +1 dagger of venom stops dripping with poison.
b - a +0 sling (weapon)
A dart slug comes into view.
Found a stone staircase leading down.
You shoot a sling bullet. The sling bullet hits the dart slug.
The dart slug is heavily wounded.
You hear an angry hiss.
A ball python comes into view.
You shoot a sling bullet.
The sling bullet closely misses the ball python.
The sling bullet hits the dart slug.
The dart slug is almost dead.
The ball python barely misses you. x2
Your +1 dagger of venom begins to drip with poison!
a - a +1 dagger of venom (weapon)
You hit the ball python.
The ball python is poisoned.
Your grab misses the ball python.
The ball python is moderately wounded.
The ball python bites you. The ball python grabs you.
The ball python constricts you.
A dart slug comes into view.
You completely miss the ball python. You grab the ball python.
You squeeze the ball python, but do no damage.
The ball python is moderately wounded.
You constrict the ball python. The ball python barely misses you.
The ball python constricts you. The dart slug launches a dart at you.
The slug dart hits you. The ball python barely misses you.
The ball python constricts you.
You hit the ball python.
You kill the ball python!
Casting: Beastly Appendage (safe; 4% risk of failure)
Confirm with . or Enter, or press ? or * to list all spells.
One of your tentacles grows a vicious spike.
You hit the dart slug.
The dart slug is poisoned.
You grab the dart slug. You tentacle-slap the dart slug.
You kill the dart slug!
Your transformation is almost over.
Found a ring mail and a fine trident.
You hit the dart slug.
You kill the dart slug!
Your tentacle spike disappears.
Found a scroll labelled OSYNAM JEIQAKH.
h - 2 potions of flight (gained 1)
You see here a dart slug corpse.
Found a creamy pearl robe.
Found a short sword.
Found a stone staircase leading up.
You see here the +0 robe "Ucel" {rElec Will+ Slay+2}.
You see here the +5 trident of Sharkskin {vorpal, *Corrode Str+6}.
u - the +5 trident of Sharkskin {vorpal, *Corrode Str+6} Adjust to which letter? (? for menu, Esc to quit)
a - the +5 trident of Sharkskin {vorpal, *Corrode Str+6}
u - a +1 dagger of venom (weapon)
Your +1 dagger of venom stops dripping with poison.
You feel stronger.
a - the +5 trident of Sharkskin (weapon)
{vorpal, *Corrode Str+6}
Found 9 stones.
There is a stone staircase leading up here.
An adder comes into view.
You reach to attack!
The helpless adder fails to defend itself.
You puncture the adder!
You kill the adder!
An ufetubus comes into view.
The ufetubus shouts!
You reach to attack!
You hit the ufetubus.
The ufetubus is severely wounded.
The ufetubus hits you. x2
You closely miss the ufetubus. Your grab misses the ufetubus.
Your squeeze misses the ufetubus.
The ufetubus is severely wounded.
The ufetubus hits you. x2
The ufetubus hits you but does no damage. x2
You closely miss the ufetubus. Your grab misses the ufetubus.
The ufetubus is severely wounded.
The ufetubus barely misses you. The ufetubus hits you. x3
You miss the ufetubus. Your grab misses the ufetubus.
The ufetubus is severely wounded.
The ufetubus closely misses you. The ufetubus barely misses you.
The ufetubus hits you. The ufetubus closely misses you.
You are too injured to fight recklessly!
You are too injured to fight recklessly!
You miss the ufetubus. You grab the ufetubus.
The ufetubus is severely wounded.
You constrict the ufetubus.
You kill the ufetubus!
Your Transmutations skill increases to level 4!
You start resting.
HP restored.
Found a stone staircase leading up.
An orc comes into view. It is wielding a +0 mace.
b - a +0 sling (weapon)
You shoot a sling bullet. The sling bullet hits the orc.
The orc shouts!
The orc is heavily wounded.
You hear a shout!
The orc throws a boomerang.
The boomerang hits you.
You shoot a sling bullet. The sling bullet barely misses the orc.
The orc throws a boomerang.
The boomerang closely misses you.
An orc comes into view. It is wielding a +0 flail.
You shoot a sling bullet. The orc shouts!
The sling bullet hits the orc.
You kill the orc!
You hear a shout!
You shoot a sling bullet.
The sling bullet hits the orc but does no damage.
An orc comes into view. It is wielding a +0 hand axe.
An orc comes into view. It is wielding a +0 short sword.
You shoot a sling bullet.
The sling bullet closely misses the orc.
The orc shouts!
You hear a shout!
An orc comes into view.
It is wielding a +0 war axe of electrocution.
You feel stronger.
a - the +5 trident of Sharkskin (weapon)
{vorpal, *Corrode Str+6} You reach to attack!
You hit the orc.
The orc is heavily wounded.
You hit the orc. You grab the orc. You squeeze the orc, but do no damage.
The orc is almost dead.
You constrict the orc.
You kill the orc!
You reach to attack!
You barely miss the orc. The orc barely misses you.
You puncture the orc!
You kill the orc!
You hit the orc. You grab the orc. You squeeze the orc.
You kill the orc!
You puncture the orc!
You kill the orc!
No target in view!
Items here: )))) †.
Okay, then.
b - a +0 sling (weapon)
A sky beast comes into view.
Casting: Beastly Appendage (safe; 4% risk of failure)
Confirm with . or Enter, or press ? or * to list all spells.
One of your tentacles grows a vicious spike.
You feel stronger.
a - the +5 trident of Sharkskin (weapon)
{vorpal, *Corrode Str+6}
b - a +0 sling (weapon)
You shoot a sling bullet. The sling bullet hits the sky beast.
The sky beast is lightly wounded.
You hear an angry hiss.
An iguana comes into view.
You shoot a sling bullet.
The sling bullet hits the iguana but does no damage.
The sky beast flickers out of sight!
Deactivating autopickup; reactivate with Ctrl-A.
You feel stronger.
a - the +5 trident of Sharkskin (weapon)
{vorpal, *Corrode Str+6} You reach to attack!
You puncture the iguana!
The iguana is severely wounded.
An endoplasm comes into view.
The iguana hisses menacingly.
The iguana misses you.
The endoplasm quivers.
You puncture the iguana!
You kill the iguana!
You miss something.
Your transformation is almost over.
Something completely misses you.
You closely miss something.
Your tentacle spike misses something.
Your squeeze misses something. Something barely misses you.
You reach to attack!
You hit the endoplasm.
You kill the endoplasm!
Something hits you. Something shocks you. Something hits you.
Something shocks you.
You are too injured to fight recklessly!
You are too injured to fight recklessly!
You miss something. Something hits you. Something shocks you.
* * * LOW HITPOINT WARNING * * *
Really quaff the potion of lignification?
Your tentacle spike disappears.
You turn into a tree.
Your roots penetrate the ground.
Something hits you but does no damage.
You cannot move.
You cannot move.
You cannot move.
You miss something. Something hits you but does no damage.
You closely miss something.
Something hits you but does no damage. x2
You miss something. Something hits you but does no damage.
You barely miss something. Something hits you but does no damage.
You closely miss something.
Something hits you but does no damage. x2
You puncture something! Something hits you but does no damage.
You puncture something!
Reactivating autopickup.
You feel a bit more experienced.
Your Ice Magic skill increases to level 3!
You have reached level 6!
You start resting.
Your transformation is almost over.
You start resting.
You feel less wooden.
Unknown command.
b - a +0 sling (weapon)
You start resting.
A kobold comes into view. It is wielding a +0 short sword.
You shoot a sling bullet.
The sling bullet closely misses the kobold.
The kobold shouts!
You shoot a sling bullet.
The sling bullet closely misses the kobold.
You shoot a sling bullet. The sling bullet hits the kobold.
You kill the kobold!
You start resting.
An endoplasm comes into view.
You shoot a sling bullet. The endoplasm quivers.
The sling bullet hits the endoplasm.
The endoplasm is severely wounded.
You shoot a sling bullet.
The sling bullet hits the endoplasm but does no damage.
The endoplasm is severely wounded.
You shoot a sling bullet. The sling bullet hits the endoplasm.
You kill the endoplasm!
You start resting.
HP restored.
v - a scroll labelled HIMYSSOKKI You now have 171 gold pieces (gained 13).
Things that are here:
a +0 short sword; a kobold corpse You now have 180 gold pieces (gained 9).
A hobgoblin comes into view.
Found a glowing coppery potion.
You feel stronger.
a - the +5 trident of Sharkskin (weapon)
{vorpal, *Corrode Str+6} You reach to attack!
The helpless hobgoblin fails to defend itself.
You puncture the hobgoblin!
You kill the hobgoblin!
b - a +0 sling (weapon)
w - a glowing coppery potion
Found a stone staircase leading down.
There is a stone staircase leading down here.
x - a scroll labelled OSYNAM JEIQAKH You see here a +1 pair of gloves.
A hobgoblin comes into view.
You feel stronger.
a - the +5 trident of Sharkskin (weapon)
{vorpal, *Corrode Str+6} You reach to attack!
The helpless hobgoblin fails to defend itself.
You puncture the hobgoblin!
You kill the hobgoblin!
b - a +0 sling (weapon)
You see here a hobgoblin corpse.
An endoplasm comes into view.
Found a potion of curing.
You feel stronger.
a - the +5 trident of Sharkskin (weapon)
{vorpal, *Corrode Str+6}
Found a scale mail.
You reach to attack!
The helpless endoplasm fails to defend itself.
You puncture the endoplasm!
You kill the endoplasm!
b - a +0 sling (weapon)
e - 2 potions of curing (gained 1)
You see here a +0 scale mail.
An orc comes into view. It is wielding a +0 hand axe.
You shoot a sling bullet. The sling bullet hits the orc.
The orc shouts!
The orc is almost dead.
You shoot a sling bullet. The sling bullet hits the orc.
You kill the orc!
Things that are here:
a +0 hand axe; an orc corpse
There is an escape hatch in the ceiling here.
Found 5 stones.
You see here 5 stones.
You see here 5 stones.
Done exploring.
Done exploring.
Unknown command.
There is a stone staircase leading down here.
Search for what [Enter for "d:", or ? for help]? d: Unknown command.
Unknown command.
Search for what [Enter for "d:", or ? for help]? boom
Items here: )))).
Things that are here:
a +0 mace; 3 boomerangs
y - 3 boomerangs
Items here: )))).
There is a stone staircase leading down here.
You climb downwards.
Found 7 gold pieces.
Found an escape hatch in the floor.
There is a stone staircase leading up here.
Found a stone staircase leading down.
Found a leather armour.
You now have 187 gold pieces (gained 7).
Found a stone staircase leading up.
Found a leather armour.
A howler monkey and a jelly come into view.
A necrophage comes into view.
You see here 2 poisoned darts.
You shoot a sling bullet. The sling bullet hits the necrophage.
The necrophage is lightly damaged.
You shoot a sling bullet.
The sling bullet closely misses the necrophage.
You shoot a sling bullet.
The sling bullet hits the necrophage but does no damage.
The necrophage is lightly damaged.
You feel stronger.
a - the +5 trident of Sharkskin (weapon)
{vorpal, *Corrode Str+6}
Casting: Beastly Appendage (safe; 3% risk of failure)
Confirm with . or Enter, or press ? or * to list all spells.
One of your tentacles grows a vicious spike.
You reach to attack!
You barely miss the necrophage.
The necrophage is lightly damaged.
The necrophage hits you.
You barely miss the necrophage. You grab the necrophage.
You pierce the necrophage, but do no damage.
You tentacle-slap the necrophage.
You squeeze the necrophage, but do no damage.
The necrophage is moderately damaged.
You constrict the necrophage. The necrophage hits you.
You feel drained.
You puncture the necrophage! You squeeze the necrophage.
You destroy the necrophage!
Your life force feels restored.
No target in view!
b - a +0 sling (weapon)
Your transformation is almost over.
You start resting.
Magic restored.
You start resting.
Your tentacle spike disappears.
HP restored.
A jelly comes into view.
You shoot a sling bullet. The sling bullet hits the jelly.
The jelly is moderately wounded.
You shoot a sling bullet. The sling bullet hits the jelly.
The jelly is heavily wounded.
You shoot a sling bullet.
The sling bullet hits the jelly but does no damage.
The jelly is heavily wounded.
A white imp comes into view.
You feel stronger.
a - the +5 trident of Sharkskin (weapon)
{vorpal, *Corrode Str+6}
Casting: Beastly Appendage (safe; 2% risk of failure)
Confirm with . or Enter, or press ? or * to list all spells.
One of your tentacles grows a vicious spike.
The white imp shouts!
You hear a shout!
The white imp gestures at you. The puff of frost hits you.
You reach to attack!
You puncture the jelly!
You kill the jelly!
Your Transmutations skill increases to level 5!
You hit the white imp. Your grab misses the white imp.
Your tentacle spike misses the white imp.
The white imp is severely wounded.
An ufetubus comes into view.
The white imp hits you. The white imp freezes you.
You closely miss the white imp. You grab the white imp.
You pierce the white imp, but do no damage.
You tentacle-slap the white imp.
You kill the white imp!
You reach to attack!
You hit the ufetubus.
The ufetubus is almost dead.
The ufetubus barely misses you. The ufetubus closely misses you.
You puncture the ufetubus!
You kill the ufetubus!
b - a +0 sling (weapon)
You start resting.
Magic restored.
An iguana comes into view.
A jelly comes into view.
You shoot a sling bullet. The sling bullet hits the jelly.
The jelly is lightly wounded.
There is a stone staircase leading up here.
You shoot a sling bullet. The sling bullet hits the jelly.
The jelly is lightly wounded.
You feel stronger.
a - the +5 trident of Sharkskin (weapon)
{vorpal, *Corrode Str+6} You reach to attack!
You puncture the jelly!
You kill the jelly!
You have reached level 7!
You reach to attack!
You closely miss the iguana. You puncture the iguana! You grab the iguana.
You pierce the iguana.
You kill the iguana!
Your Ice Magic skill increases to level 4!
b - a +0 sling (weapon)
You start resting.
Your transformation is almost over.
You start resting.
HP restored.
You feel stronger.
a - the +5 trident of Sharkskin (weapon)
{vorpal, *Corrode Str+6}
b - a +0 sling (weapon)
Found a ring mail.
Your tentacle spike disappears.
Found 5 stones.
Found a dagger.
q - 2 scrolls labelled TEIDDA ULUYVU (gained 1)
You see here 5 stones.
Found a stone staircase leading up.
A scorpion comes into view.
You shoot a sling bullet.
The sling bullet hits the scorpion but does no damage.
You shoot a sling bullet.
The sling bullet closely misses the scorpion.
You feel stronger.
a - the +5 trident of Sharkskin (weapon)
{vorpal, *Corrode Str+6}
Casting: Beastly Appendage (safe; 2% risk of failure)
Confirm with . or Enter, or press ? or * to list all spells.
One of your tentacles grows a vicious spike.
You reach to attack!
You closely miss the scorpion. You hit the scorpion. You grab the scorpion.
The scorpion is moderately wounded.
You constrict the scorpion. The scorpion stings you.
The scorpion closely misses you.
You completely miss the scorpion.
You pierce the scorpion, but do no damage.
You squeeze the scorpion.
The scorpion is heavily wounded.
You constrict the scorpion. The scorpion stings you.
You are poisoned.
The scorpion poisons you!
You hit the scorpion.
You kill the scorpion!
You feel very sick.
You start resting.
You feel sick.
Magic restored.
You feel sick.
You start resting.
You feel sick. x6
You are no longer poisoned.
You start resting.
Your transformation is almost over.
You start resting.
Your tentacle spike disappears.
HP restored.
b - a +0 sling (weapon)
You see here a scorpion corpse.
You shoot a sling bullet.
The sling bullet hits the howler monkey.
The howler monkey howls!
The howler monkey is moderately wounded.
The howler monkey hoots and howls with incredible vigour!
You hear a shout! x2
You shoot a sling bullet.
The sling bullet closely misses the howler monkey.
You shoot a sling bullet. The jelly quivers.
The sling bullet hits the howler monkey.
The howler monkey is heavily wounded.
Casting: Beastly Appendage (safe; 2% risk of failure)
Confirm with . or Enter, or press ? or * to list all spells.
One of your tentacles grows a vicious spike.
You feel stronger.
a - the +5 trident of Sharkskin (weapon)
{vorpal, *Corrode Str+6} You closely miss the howler monkey.
Your grab misses the howler monkey.
You pierce the howler monkey.
The howler monkey is severely wounded.
The howler monkey hoots and howls with incredible vigour!
The howler monkey hits you!
You hear a shout! x4
You completely miss the howler monkey. Your grab misses the howler monkey.
You squeeze the howler monkey.
You kill the howler monkey!
An orc comes into view. It is wielding a +0 mace.
You reach to attack!
You hit the jelly.
The jelly is heavily wounded.
The orc complains noisily.
The jelly barely misses you.
You hit the jelly.
Your tentacles burn!
You squeeze the jelly.
The jelly is almost dead.
The jelly hits you. The acid corrodes you!
You are splashed with acid!
You are too injured to fight recklessly!
You barely miss the jelly.
You pierce the jelly.
You kill the jelly!
An orc comes into view. It is wielding a +0 dagger.
There is a stone staircase leading up here.
You climb upwards.
There is a stone staircase leading down here.
You are no longer corroded.
There is a stone staircase leading down here.
You start resting.
Your transformation is almost over.
You start resting.
Your tentacle spike disappears.
HP restored.
You climb downwards.
An orc wizard comes into view. It is wielding a +0 dagger.
There is a stone staircase leading up here.
b - a +0 sling (weapon)
You shoot a sling bullet.
The sling bullet closely misses the orc wizard.
An orc comes into view. It is wielding a +0 dagger.
You shoot a sling bullet. The sling bullet hits the orc.
The orc is lightly wounded.
You feel stronger.
a - the +5 trident of Sharkskin (weapon)
{vorpal, *Corrode Str+6}
Casting: Beastly Appendage (safe; 1% risk of failure)
Confirm with . or Enter, or press ? or * to list all spells.
Okay, then.
Unknown command.
You reach to attack!
You closely miss the orc.
The orc is lightly wounded.
You hit the orc.
You kill the orc!
An orc priest comes into view. It is wielding a +0 club.
The orc wizard closely misses you.
You climb upwards.
There is a stone staircase leading down here.
You barely miss the orc wizard. Your grab misses the orc wizard.
Your squeeze misses the orc wizard. The orc wizard barely misses you.
You hit the orc wizard. Your grab misses the orc wizard.
Your squeeze misses the orc wizard.
The orc wizard is heavily wounded.
The orc wizard hits you with a +0 dagger. x2
You barely miss the orc wizard. Your grab misses the orc wizard.
Your tentacle-slap misses the orc wizard.
The orc wizard is heavily wounded.
The orc wizard hits you with a +0 dagger.
You closely miss the orc wizard. You grab the orc wizard.
The orc wizard is heavily wounded.
You constrict the orc wizard. The orc wizard casts a spell at you.
You resist with some effort.
You puncture the orc wizard!
You kill the orc wizard!
Things that are here:
a +0 dagger; a +0 robe
There is a stone staircase leading down, spattered with blood here.
Things that are here:
a +0 dagger; a +0 robe
There is a stone staircase leading down here.
You start resting.
HP restored.
You climb downwards.
There is a stone staircase leading up here.
b - a +0 sling (weapon)
You shoot a sling bullet. The sling bullet hits the orc priest.
The orc priest is moderately wounded.
You shoot a sling bullet.
The sling bullet closely misses the orc priest.
You feel stronger.
a - the +5 trident of Sharkskin (weapon)
{vorpal, *Corrode Str+6} You reach to attack!
You puncture the orc priest!
You kill the orc priest!
Things that are here:
a +0 club; an orc corpse
Found 5 stones.
You reach to attack!
You barely miss the orc. You puncture the orc!
You kill the orc!
You reach to attack!
You barely miss the orc. You puncture the orc!
You kill the orc!
Things that are here:
a +0 mace; a +0 dagger; a +0 leather armour
b - a +0 sling (weapon)
There is a stone staircase leading up here.
g - 3 poisoned darts (gained 2)
k - a wand of charming (12) (gained 4 charges)
z - a silvery potion
Found a kite shield.
Found a mace.
Found an escape hatch in the ceiling.
You now have 195 gold pieces (gained 8).
You see here a staff of earth.
v - 2 scrolls labelled HIMYSSOKKI (gained 1)
Found a club.
You now have 200 gold pieces (gained 5).
Found a stone staircase leading down.
There is a stone staircase leading down here.
There is a stone staircase leading down here.
A dart slug comes into view.
You shoot a sling bullet. The sling bullet hits the dart slug.
The dart slug is moderately wounded.
The dart slug launches a dart at you. The slug dart misses you.
You shoot a sling bullet. The sling bullet hits the dart slug.
The dart slug is moderately wounded.
No target in view!
The dart slug launches a dart at you. The slug dart misses you.
You shoot a sling bullet. The sling bullet hits the dart slug.
The dart slug is heavily wounded.
You shoot a sling bullet. The sling bullet hits the dart slug.
The dart slug is almost dead.
No target in view!
The dart slug launches a dart at you. The slug dart hits you.
You shoot a sling bullet.
The sling bullet hits the dart slug but does no damage.
The dart slug is almost dead.
A dart slug is nearby!
You shoot a sling bullet. The sling bullet hits the dart slug.
You kill the dart slug!
HP restored.
There is a stone staircase leading down here.
You now have 214 gold pieces (gained 14).
Found a stone staircase leading down.
Found a ring mail.
There is a stone staircase leading down here.
You see here a +0 ring mail.
Done exploring.
Done exploring.
Search for what [Enter for "boom", or ? for help]? d: Unknown command.
Unknown command.
You see here a +0 ring mail.
There is a stone staircase leading up here.
There is a stone staircase leading down here.
You climb downwards.
You hear the sound of rushing water.
There is an entrance to a sewer on this level.
Hurry and find it before the portal rusts away!
The ufetubus shouts!
There is a stone staircase leading up here.
You feel stronger.
a - the +5 trident of Sharkskin (weapon)
{vorpal, *Corrode Str+6} You reach to attack!
You miss the ufetubus. The ufetubus barely misses you. x2
You closely miss the ufetubus. Your grab misses the ufetubus.
The ufetubus misses you. The ufetubus completely misses you.
The ufetubus misses you. The ufetubus completely misses you.
You puncture the ufetubus!
You kill the ufetubus!
No target in view!
A kobold zombie and a white imp come into view.
Found a glowing golden altar of the Shining One.
The white imp shouts!
A hobgoblin zombie comes into view.
An orc skeleton comes into view.
A goblin zombie comes into view.
An orc zombie comes into view.
The white imp moves out of view.
A goblin skeleton comes into view.
A hobgoblin zombie comes into view.
Casting: Beastly Appendage (safe; 1% risk of failure)
Confirm with . or Enter, or press ? or * to list all spells.
One of your tentacles grows a vicious spike.
You reach to attack!
You barely miss the hobgoblin zombie. You hit the hobgoblin zombie.
You grab the hobgoblin zombie.
You pierce the hobgoblin zombie, but do no damage.
The hobgoblin zombie is moderately damaged.
You constrict the hobgoblin zombie. The hobgoblin zombie hits you.
You puncture the hobgoblin zombie!
You destroy the hobgoblin zombie!
You hit the kobold zombie. You grab the kobold zombie.
You pierce the kobold zombie.
You destroy the kobold zombie!
You hear the slow rusting of a very distant drain.
You hit the white imp. You grab the white imp.
The white imp is moderately wounded.
You constrict the white imp. The white imp gestures at you.
The puff of frost hits you!
You hit the white imp.
You pierce the white imp.
You kill the white imp!
You hit the goblin zombie. Your grab misses the goblin zombie.
You pierce the goblin zombie.
The goblin zombie is almost destroyed.
A kobold zombie comes into view.
The goblin zombie hits you.
You hit the goblin zombie.
You destroy the goblin zombie!
You puncture the orc zombie!
You destroy the orc zombie!
Your transformation is almost over.
Casting: Beastly Appendage (safe; 1% risk of failure)
Confirm with . or Enter, or press ? or * to list all spells.
You extend your transformation's duration.
You reach to attack!
You puncture the goblin skeleton!
You destroy the goblin skeleton!
You reach to attack!
You puncture the kobold zombie!
You destroy the kobold zombie!
Your transformation is almost over.
You reach to attack!
You puncture the hobgoblin zombie!
You destroy the hobgoblin zombie!
Your tentacle spike disappears.
You reach to attack!
You hit the orc skeleton.
The orc skeleton is heavily damaged.
You hit the orc skeleton.
You destroy the orc skeleton!
Found 18 gold pieces.
Found a scroll labelled IJEUQU JACISOMA and a quarterstaff.
You now have 232 gold pieces (gained 18).
o - 2 scrolls labelled IJEUQU JACISOMA (gained 1)
You hear the slow rusting of a very distant drain.
There is a glowing golden altar of the Shining One here.
You open the door.
There is an open door here.
A kobold skeleton comes into view.
An adder comes into view.
Found a potion of curing.
A centaur comes into view.
The centaur wields a +0 shortbow.
The centaur shoots an arrow.
The arrow hits you.
You hear an angry hiss.
Found a leather armour.
The centaur shoots an arrow.
The arrow hits you.
The centaur shoots an arrow.
The arrow hits you.
Casting: Beastly Appendage (safe; 1% risk of failure)
Confirm with . or Enter, or press ? or * to list all spells.
One of your tentacles grows a vicious spike.
You see here a +0 quarterstaff.
You reach to attack!
You puncture the centaur!
The centaur is heavily wounded.
The centaur shoots an arrow.
The arrow closely misses you.
The centaur shoots an arrow.
The arrow hits you!
You hear a shout!
The centaur unwields a +0 shortbow.
The centaur hits you. The centaur barely misses you.
The adder bites you but does no damage. The centaur misses you.
The centaur kicks you but does no damage.
Okay, then.
Unknown command.
Unknown command.
Really quaff the potion of lignification?
Your tentacle spike disappears.
You turn into a tree.
Your roots penetrate the ground.
The adder barely misses you.
The centaur hits you but does no damage.
The centaur kicks you but does no damage.
You hit the adder. You punch the adder.
You kill the adder!
The centaur hits you but does no damage.
The centaur kicks you but does no damage.
The centaur hits you but does no damage.
The centaur kicks you but does no damage.
You barely miss the centaur.
The centaur is heavily wounded.
The centaur barely misses you.
The centaur kicks you but does no damage.
The centaur hits you but does no damage.
The centaur kicks you but does no damage.
You puncture the centaur!
The centaur is severely wounded.
The centaur hits you but does no damage.
The centaur kicks you but does no damage.
The centaur hits you.
* * * LOW HITPOINT WARNING * * *
The centaur completely misses you.
You puncture the centaur!
You kill the centaur!
Your Transmutations skill increases to level 6!
Your Ice Magic skill increases to level 5!
You start resting.
You hear the rusting of a very distant drain.
You start resting.
Your transformation is almost over.
You start resting.
You feel less wooden.
Things that are here:
a +0 shortbow; a centaur corpse
Found a mace.
Found a transparent robe.
e - 3 potions of curing (gained 1)
Found a scroll labelled SEOGRA SUINIZ.
An ufetubus comes into view.
The ufetubus shouts!
You hear a shout!
A wight comes into view. It is wielding a +3 great sword.
Menkaure, Prince of Dust comes into view.
You closely miss the ufetubus. You grab the ufetubus.
You constrict the ufetubus.
The ufetubus hits you but does no damage.
The ufetubus misses you. The ufetubus barely misses you.
The ufetubus closely misses you.
Menkaure shouts!
You puncture the ufetubus!
You kill the ufetubus!
Casting: Beastly Appendage (safe; 1% risk of failure)
Confirm with . or Enter, or press ? or * to list all spells.
One of your tentacles grows a vicious spike.
Unknown command.
You hit Menkaure. You grab Menkaure.
Menkaure is lightly damaged.
You constrict Menkaure. Menkaure hits you!
You puncture Menkaure!
You pierce Menkaure, but do no damage.
You squeeze Menkaure.
You destroy Menkaure!
You have reached level 8!
You hear the rusting of a very distant drain.
Found a potion of lignification.
Your transformation is almost over.
Found an embroidered hat.
A wight comes into view. It is wielding a +2 dagger.
Found 12 gold pieces.
The wight moves out of view.
An adder comes into view.
Your tentacle spike disappears.
The adder hisses angrily.
The adder attacks as you move away! The adder bites you.
Casting: Beastly Appendage (safe; 1% risk of failure)
Confirm with . or Enter, or press ? or * to list all spells.
One of your tentacles grows a vicious spike.
The adder bites you. The adder barely misses you.
You miss the adder. You grab the adder.
You pierce the adder.
You tentacle-slap the adder, but do no damage.
You squeeze the adder.
The adder is heavily wounded.
You constrict the adder.
You kill the adder!
The kobold skeleton barely misses you.
You hit the kobold skeleton.
You destroy the kobold skeleton!
You reach to attack!
You hit the wight but do no damage. The wight hits you with a +2 dagger!
You hit the wight. Your grab misses the wight.
Your tentacle spike misses the wight.
The wight is moderately damaged.
The wight hits you with a +2 dagger!
* * * LOW HITPOINT WARNING * * *
You feel drained.
* * * LOW HITPOINT WARNING * * *
You closely miss the wight. Your grab misses the wight.
Your tentacle spike misses the wight.
The wight is moderately damaged.
The wight hits you with a +2 dagger!
You die...

Skill      XL: |  1  2  3  4  5  6  7 |
---------------+----------------------+-----
Stealth        | 1 3 4 |  4.0
Transmutations | 3 4 5 6 |  6.4
Ice Magic      | 1 3 5 |  5.5
Fighting       | |  1.0
Dodging        | |  2.0
Unarmed Combat | |  3.0
Spellcasting   | |  2.0

Action                   |  1- 3 |  4- 6 |  7- 9 || total
-------------------------+-------+-------+-------++-------
Melee: Dagger            |    64 |    55 |       ||   119
       Constrict         |    13 |    19 |     9 ||    41
       Tentacles         |    16 |    15 |     5 ||    36
       Kick              |    14 |    14 |    10 ||    38
       Punch             |       |     6 |     2 ||     8
       Trident           |       |    37 |    54 ||    91
 Fire: Sling             |       |    48 |    15 ||    63
Throw: Dart              |     2 |       |       ||     2
 Cast: Beastly Appendage |    15 |    16 |     7 ||    38
  Use: Potion            |       |     3 |     1 ||     4
 Stab: Sleeping          |    20 |    11 |       ||    31
Armor: Skin              |     2 |    21 |    14 ||    37
Dodge: Dodged            |    22 |    45 |    23 ||    90

Levels and vault maps discovered:
D:1:      dpeg_arrival_leaves_temple_mockup, layout_basic, minmay_hexomino_u4
D:2:      layout_basic, serial_shops, shop_statue, minmay_indecisive_spiral
D:3:      layout_basic, shapermc_ecumenical_altar_notcrosses
D:4:      layout_loops_ring, minmay_temple_entry_trees
D:5:      layout_rooms, corexii_leaking_fountain
D:6:      layout_basic, nicolae_tso_besieged_by_evil,
          nicolae_ru_great_annihilating_truth, portal_sewer_entry_b,
          minmay_misc_feat_five, minmay_chambers_of_fives, uniq_menkaure
Temple:   bh_familiar_temple

Notes
Turn   | Place    | Note
-------+----------+-------------------------------------------
     0 | D:1      | scionoferis the Octopode Transmuter began the quest for the
                  | Orb.
     0 | D:1      | Reached XP level 1. HP: 13/13 MP: 3/3
   161 | D:1      | Reached skill level 1 in Stealth
   213 | D:1      | Reached XP level 2. HP: 18/18 MP: 3/5
   216 | D:1      | Learned a level 2 spell: Wereblood
   228 | D:1      | Reached skill level 2 in Stealth
   612 | D:1      | Reached skill level 3 in Stealth
   632 | D:1      | Reached XP level 3. HP: 23/23 MP: 6/6
  1219 | D:2      | Reached skill level 4 in Stealth
  1296 | D:2      | Reached XP level 4. HP: 27/28 MP: 7/7
  1307 | D:2      | Learned a level 4 spell: Ice Form
  1343 | D:2      | Reached skill level 3 in Transmutations
  1603 | D:2      | Reached skill level 1 in Ice Magic
  1611 | D:2      | HP: 1/28 [endoplasm (3)]
  1885 | D:2      | Found Qourphul's Antique Weapon Boutique.
  1899 | D:2      | Reached XP level 5. HP: 33/33 MP: 6/8
  2357 | D:3      | Reached skill level 2 in Ice Magic
  2768 | D:3      | Found a faded altar of an unknown god.
  2911 | D:4      | Found a staircase to the Ecumenical Temple.
  2921 | Temple   | Entered the Ecumenical Temple
  3195 | D:4      | Identified the +0 robe "Ucel" {rElec Will+ Slay+2}
  3197 | D:4      | Identified the +5 trident of Sharkskin {vorpal, *Corrode
                  | Str+6}
  3229 | D:4      | Reached skill level 4 in Transmutations
  3351 | D:4      | Noticed a sky beast
  3374 | D:4      | Killed a sky beast
  3375 | D:4      | Reached skill level 3 in Ice Magic
  3375 | D:4      | Reached XP level 6. HP: 17/38 MP: 9/9
  3960 | D:5      | Entered Level 5 of the Dungeon
  4029 | D:5      | Reached skill level 5 in Transmutations
  4047 | D:5      | Reached XP level 7. HP: 40/43 MP: 10/10
  4050 | D:5      | Reached skill level 4 in Ice Magic
  4726 | D:6      | Found a glowing golden altar of the Shining One.
  4808 | D:6      | Reached skill level 6 in Transmutations
  4808 | D:6      | Reached skill level 5 in Ice Magic
  4859 | D:6      | Noticed Menkaure
  4880 | D:6      | Killed Menkaure
  4881 | D:6      | Reached XP level 8. HP: 20/48 MP: 11/11
  4918 | D:6      | Slain by a wight

Vanquished Creatures
  Menkaure (D:6)
  A sky beast (D:4)
  A centaur (D:6)
  A scorpion (D:5)
  A necrophage (D:5)
  A howler monkey (D:5)
  3 jellies (D:5)
  2 orc priests (D:2 D:5)
  2 iguanas (D:4 D:5)
  An orc wizard (D:4)
  7 adders (D:2 D:3 D:4 D:6)
  2 white imps (D:5 D:6)
  4 ufetubi (D:4 D:5 D:6)
  3 worms (D:2)
  4 dart slugs (D:2 D:4 D:5)
  12 orcs (D:2 D:3 D:4 D:5)
  11 endoplasms (D:1 D:2 D:3 D:4)
  2 giant cockroaches (D:1 D:2)
  6 goblins (D:1 D:3)
  12 hobgoblins (D:1 D:2 D:3 D:4)
  3 quokkas (D:1 D:2 D:3)
  9 ball pythons (D:1 D:2 D:3 D:4)
  9 bats (D:1 D:2 D:3)
  2 frilled lizards (D:3)
  A goblin skeleton (D:6)
  A goblin zombie (D:6)
  2 hobgoblin zombies (D:6)
  11 kobolds (D:1 D:2 D:3 D:4)
  A kobold skeleton (D:6)
  2 kobold zombies (D:6)
  An orc skeleton (D:6)
  An orc zombie (D:6)
  6 rats (D:1 D:2 D:3)
126 creatures vanquished.

Table legend: (Time is in decaauts)
 A = Elapsed time spent in this place.
 B = Non-inter-level travel time spent in this place.
 C = Inter-level travel time spent in this place.
 D = Time resting spent in this place.
 E = Time spent auto-exploring this place.
 F = Levels seen in this place.
 G = Mean time per level.
                   A        B        C        D        E       F      G
               +--------+--------+--------+--------+--------+-----+--------+
         Total |   4945 |   4651 |    294 |    513 |   2983 |   7 |  706.4 |
       Dungeon |   4778 |   4496 |    282 |    513 |   2831 |   6 |  796.3 |
        Temple |    166 |    154 |     12 |      0 |    152 |   1 |  166.0 |
               +--------+--------+--------+--------+--------+-----+--------+

Top non-repeatable levels by time:
     D:1: 1121 daAuts
     D:4: 1029 daAuts
     D:3: 913 daAuts
     D:2: 843 daAuts
     D:5: 631 daAuts
     D:6: 240 daAuts
  Temple: 166 daAuts

Table legend:
 A = Non-vault XP
 B = Vault XP
 C = Vault XP percentage of total XP
 D = Non-vault monster count
 E = Vault monster count
 F = Vault count percentage of total count
                 A         B        C        D         E       F
            +---------+---------+-------+---------+---------+-------
      Total |    1082 |     217 |  16.7 |     108 |      18 |  14.3
            +---------+---------+-------+---------+---------+-------
        D:1 |      40 |       6 |  13.0 |      25 |       3 |  10.7
        D:2 |     105 |      22 |  17.3 |      19 |       4 |  17.4
        D:3 |      49 |       0 |   0.0 |      24 |       0 |   0.0
        D:4 |     261 |       0 |   0.0 |      21 |       0 |   0.0
        D:5 |     466 |       0 |   0.0 |      14 |       0 |   0.0
        D:6 |     161 |     189 |  54.0 |       5 |      11 |  68.8
            +---------+---------+-------+---------+---------+-------
